 Dungeon Crawl Stone Soup version 0.29.1-1-gd02db6906a (webtiles) character file.

Game seed: 14979171697719231582

4502 hawla the Destroyer (level 10, 0/117 HPs)
             Began as a Pale Draconian Conjurer on Sept 29, 2022.
             Slain by Harold
             ... wielding a +0 glaive
              (6 damage)
             ... on level 9 of the Dungeon.
             The game lasted 00:27:31 (10406 turns).

hawla the Destroyer (Pale Draconian Conjurer)      Turns: 10406, Time: 00:27:31

Health: 0/117      AC: 25    Str: 15    XL:     10   Next: 16%
Magic:  1/17       EV:  2    Int: 23    God:
Gold:   316        SH:  3    Dex: 10    Spells: 8/18 levels left

rFire   + . .      SeeInvis .   t - +6 mace of the Beginning {venom, rElec}
rCold   . . .      Faith    .   v - +0 buckler
rNeg    . . .      Spirit   .   (body armour unavailable)
rPois   +          Reflect  .   (helmet currently unavailable)
rElec   +          Harm     .   (cloak currently unavailable)
rCorr   .          Rampage  .   (gloves currently unavailable)
Will    .....      NoTele   +   (boots currently unavailable)
Stlth   ++........              (no amulet)
HPRegen 0.29/turn               f - +6 ring of strength
MPRegen 0.15/turn               m - ring of protection from fire

@: tree-form, marked, attractive
A: stationary, stasis, torment immunity, boosted hp, (breathe steam), AC +7,
unfitting armour, (cold-blooded), (steam resistance)
a: no special abilities


You were on level 9 of the Dungeon.
You were a tree.
You visited 2 branches of the dungeon, and saw 10 of its levels.

You collected 444 gold pieces.
You spent 128 gold pieces at shops.

Inventory:

Hand Weapons
 t - the +6 mace of the Beginning (weapon) {venom, rElec}
   (You found it on level 3 of the Dungeon)

   It poisons the flesh of those it strikes.
   rElec:     It insulates you from electricity.
Missiles
 h - 2 curare-tipped darts (quivered)
 i - 2 throwing nets
 x - 4 poisoned darts
Armour
 e - a +2 cloak (melded)
 u - an orb of energy
 v - a +0 buckler (worn)
Jewellery
 f - a +6 ring of strength (left branch)
 g - a ring of willpower
 j - a ring of resist corrosion
 l - a ring of willpower
 m - a ring of protection from fire (right branch)
 y - a ring of ice
Scrolls
 c - 4 scrolls of enchant weapon
 d - 6 scrolls of identify
 p - 2 scrolls of enchant armour
 q - a scroll of amnesia
 s - 2 scrolls of magic mapping
 A - a scroll of blinking
Potions
 a - a potion of curing
 n - 2 potions of flight
 o - 2 potions of mutation
 r - 2 potions of brilliance
 w - 2 potions of attraction
 z - 2 potions of might


   Skills:
 + Level 4.1 Fighting
 + Level 6.7 Maces & Flails
 + Level 1.0 Throwing
 + Level 5.0 Dodging
 - Level 2.3 Stealth
 + Level 1.4 Shields
 + Level 4.7 Spellcasting
 + Level 9.8 Conjurations
 + Level 4.4 Translocations
 + Level 0.2 Fire Magic


You had 8 spell levels left.
You knew the following spells:

 Your Spells              Type           Power      Damage    Failure   Level
a - Magic Dart            Conj           100%       1d8       1%          1
b - Searing Ray           Conj           100%       2d8       1%          2
c - Iskenderun's Mystic   Conj/Tloc      38%        2d9       7%          4
d - Conjure Flame         Conj/Fire      28%        6-21      4%          3

Your spell library contained the following spells:

 Spells                   Type           Power      Damage    Failure   Level
 Blink                    Tloc           52%        N/A       3%          2
 Dazzling Flash           Conj/Hex       56%        N/A       4%          3
 Lesser Beckoning         Tloc           26%        N/A       6%          3
 Sticky Flame             Conj/Fire      28%        2d5       16%         4
 Fulminant Prism          Conj/Hex       14%        3d9       17%         4
 Ignite Poison            Fire/Tmut/Pois 5%         N/A       36%         3
 Manifold Assault         Tloc           26%        N/A       50%         5
 Animate Dead             Necr           5%         N/A       77%         4
 Borgnjor's Vile Clutch   Necr/Erth      2%         N/A       98%         5
 Death Channel            Necr           2%         N/A       100%        6


Dungeon Overview and Level Annotations

Branches:
Dungeon (9/15)             Temple (1/1) D:6
   Lair: D:8-11         Orc: D:9-12

Altars:
Ashenzari
Cheibriados
Dithmenos
Fedhas
Gozag
Hepliaklqana
Kikubaaqudgha
Makhleb
Nemelex Xobeh
Okawaru
Qazlal
Ru
Sif Muna
Trog
Uskayaw
Wu Jian
Xom
Yredelemnul

Shops:
D:2 :[**!   D:3 (   D:5 [

Annotations:
D:7 1 runed translucent door, Fractals's ghost, novice HuFi
D:9 Harold


Innate Abilities, Weirdness & Mutations

You are a tree.
Your roots penetrate the ground, keeping you stationary.
You cannot be teleported.
You are immune to unholy pain and torment.
Your maximum health is greatly increased.
Your equipment is partially melded.
((You can breathe blasts of scalding, opaque steam.))
((Your pale cyan-grey scales are hard. (AC +7)))
You cannot fit into any form of body armour.
((You are cold-blooded and may be slowed by cold attacks.))
((You are immune to the effects of steam.))


Message History

Harold hits you from afar with a +0 glaive!
* * * LOW HITPOINT WARNING * * *
Aiming: Charm
Press: ? - help, Shift-Dir - straight line, f/p - Harold
Aim: Harold, wielding a +0 glaive and wearing a +1 scale mail of poison resistance (chance to affect: 17%) Harold is charmed.
You start resting.
Harold is no longer charmed.
Harold hits you with a +0 glaive!
* * * LOW HITPOINT WARNING * * *
Casting: Searing Ray (safe; 1% risk of failure)
Confirm with . or Enter, or press ? or * to list all spells.
You erupt in a blast of force!
The mystic blast hits Harold!
Harold is lightly wounded.
Harold is knocked back by the mystic blast.
Harold slams into the rock wall!
Harold gestures at you while chanting. The mark upon you grows brighter.
Okay, then.
Aiming: Charm
Press: ? - help, Shift-Dir - straight line, f/p - Harold
Aim: Harold, wielding a +0 glaive and wearing a +1 scale mail of poison resistance (lightly wounded, chance to affect: 17%) Harold resists with almost no effort.
Harold hits you but does no damage.
Aiming: Charm
Press: ? - help, Shift-Dir - straight line, f/p - Harold
Aim: Harold, wielding a +0 glaive and wearing a +1 scale mail of poison resistance (lightly wounded, chance to affect: 17%) Harold resists with almost no effort.
The now-empty wand crumbles to dust.
Harold says, "Listen, it's nothing personal.
It's just a job."
Harold hits you but does no damage.
You aren't carrying any items that you can evoke.
Really quaff the potion of attraction?
You feel attractive to monsters.
Harold hits you from afar with a +0 glaive!
* * * LOW HITPOINT WARNING * * *
Harold is attracted toward you.
You feel better. Harold hits you with a +0 glaive!
* * * LOW HITPOINT WARNING * * *
You completely miss Harold.
Harold is lightly wounded.
Harold hits you with a +0 glaive.
You die...

##.#..##
###.....#. ##
.........## #.#
#.....>...###.#
...........#..###
........#...#$...
........)........
#...|.)♣@§#.#
#.....#[#...##
#.......##...#
#..####.##.#.##
#. #.##.<..# .
#..........#
....##....##.#
<...##.#.## # .
..#.#


You could see Harold.

Vanquished Creatures
  Maurice (D:8)
  Maggie (D:6)
  A hornet (D:8)
  2 steam dragons
  A water moccasin (D:5)
  An orc warrior (D:8)
  2 black bears
  3 ogres
  A sky beast (D:6)
  3 centaurs
  3 phantoms
  A kobold brigand (D:6)
  4 bullfrogs
  3 necrophages
  7 wights
  A gnoll sergeant (D:6)
  11 killer bees
  2 jellies (D:6)
  3 gnoll boudas
  An orc priest (D:8)
  3 hounds
  2 iguanas
  4 orc wizards
  Natasha (thrice) (D:4)
  17 gnolls
  8 adders
  A shadow imp (D:7)
  3 white imps
  2 worms
  3 dart slugs
  18 orcs
  10 ball pythons
  7 bats
  9 endoplasms
  2 giant cockroaches
  5 goblins
  8 hobgoblins
  6 jackals (D:2)
  13 kobolds
  6 quokkas
  3 frilled lizards
  6 rats
191 creatures vanquished.

Vanquished Creatures (others)
  An orc wizard (D:9)
  An orc (D:8)
  36 plants
38 creatures vanquished.

Grand Total: 229 creatures vanquished

Notes
Turn   | Place    | Note
-------+----------+-------------------------------------------
     0 | D:1      | hawla the Draconian Conjurer began the quest for the Orb.
     0 | D:1      | Reached XP level 1. HP: 14/14 MP: 3/3
   288 | D:1      | Reached XP level 2. HP: 20/20 MP: 0/5
   291 | D:1      | Learned a level 2 spell: Searing Ray
   456 | D:1      | Found a faded altar of an unknown god.
  1492 | D:2      | Found Riobbotul's Assorted Antiques.
  1530 | D:2      | Reached XP level 3. HP: 21/26 MP: 0/6
  1749 | D:2      | Identified the +5 sling of the Amorous God {vorpal, rCorr
                  | Dex+4}
  2144 | D:2      | Found Jysoucorgh's Assorted Antiques.
  2198 | D:2      | Found Suadah's Distillery.
  2357 | D:2      | You fall into a shaft and drop 2 floors!
  2457 | D:4      | Noticed a black bear
  2463 | D:4      | Killed a black bear
  2464 | D:4      | Reached skill level 5 in Conjurations
  2464 | D:4      | Reached XP level 4. HP: 33/33 MP: 0/8
  2464 | D:4      | Reached XP level 5. HP: 38/38 MP: 0/9
  2608 | D:4      | Learned a level 4 spell: Iskenderun's Mystic Blast
  2663 | D:2      | Found Tupem's Book Emporium.
  2739 | D:2      | Found Juafatio's Antique Armour Emporium.
  3422 | D:3      | Found Bowiz's Antique Weapon Emporium.
  3509 | D:3      | Bought a crystal short sword for 128 gold pieces
  3509 | D:3      | Identified the +7 short sword of Iwodar {vamp, rC- rN+++
                  | Int+5 Dex-5} (You bought it in a shop on level 3 of the
                  | Dungeon)
  3718 | D:3      | Identified the +6 mace of the Beginning {venom, rElec}
  3822 | D:3      | Found a burning altar of Makhleb.
  3824 | D:3      | Noticed a cacodemon
  3870 | D:3      | Reached skill level 1 in Translocations
  4272 | D:4      | Reached skill level 6 in Conjurations
  4272 | D:4      | Reached XP level 6. HP: 28/45 MP: 3/10
  4679 | D:4      | Noticed Natasha
  4698 | D:4      | Killed Natasha
  4795 | D:4      | Noticed Natasha
  4801 | D:4      | Killed Natasha
  4933 | D:4      | Reached skill level 7 in Conjurations
  4933 | D:4      | Your scales start taking on a pale cyan-grey colour.
  4933 | D:4      | Reached XP level 7. HP: 40/50 MP: 2/11
  4933 | D:4      | Gained mutation: You are immune to the effects of steam.
                  | [Pale Draconian growth]
  4957 | D:4      | Noticed Natasha
  4960 | D:4      | Killed Natasha
  5269 | D:5      | Entered Level 5 of the Dungeon
  5358 | D:5      | Reached skill level 8 in Conjurations
  5362 | D:5      | Reached skill level 1 in Maces & Flails
  5461 | D:5      | Reached XP level 8. HP: 58/58 MP: 12/12
  5492 | D:5      | Found Liahesm's Antique Armour Shop.
  5500 | D:5      | Reached skill level 1 in Fighting
  5803 | D:5      | Found a shimmering altar of Xom.
  5806 | D:5      | Found an ornate altar of the Wu Jian Council.
  6167 | D:5      | Learned a level 3 spell: Conjure Flame
  6568 | D:6      | Identified the +4 ring mail "Omyobimi" {rF+ Dex+3 SInv
                  | Stlth-}
  6875 | D:6      | Reached skill level 9 in Conjurations
  6908 | D:6      | Noticed Maggie
  6919 | D:6      | Killed Maggie
  7063 | D:6      | Found a staircase to the Ecumenical Temple.
  7159 | Temple   | Entered the Ecumenical Temple
  7181 | D:6      | Reached XP level 9. HP: 59/68 MP: 14/14
  7658 | D:7      | Reached skill level 5 in Maces & Flails
  7986 | D:7      | Found a runed translucent door.
  7988 | D:7      | Noticed a tengu warrior
  7988 | D:7      | Noticed Fractals's ghost (novice HuFi)
  9008 | D:8      | Paralysed by a hornet for 2 turns
  9158 | D:8      | Noticed Maurice
  9194 | D:8      | HP: 2/105 [something (5)]
  9200 | D:8      | HP: 5/157 [something (2)]
  9203 | D:8      | Killed Maurice
  9204 | D:8      | Reached skill level 1 in Shields
  9669 | D:8      | Reached XP level 10. HP: 41/78 MP: 1/16
  9673 | D:8      | Reached skill level 1 in Throwing
 10357 | D:9      | Noticed Harold
 10377 | D:9      | Reached skill level 5 in Dodging
 10406 | D:9      | Slain by Harold

Illustrated notes

Levels and vault maps discovered:
D:1:      mrwooster_arrival_statue_3, layout_basic,
          shapermc_ecumenical_altar_mp_highgroup
D:2:      layout_basic, serial_shops,
          nicolae_shop_temple_entry_statues_fountains, shop, shop, shop,
          nicolae_shop_statue_plus, serial_bayou, serial_bayou_pond_e,
          serial_bayou_lake_a, serial_bayou_lagoon_a, serial_bayou_crossing,
          minmay_unequal
D:3:      layout_rooms, makhleb_altar_promises_db, serial_shops,
          nicolae_shop_overgrown_old_shop, minmay_increasing_density
D:4:      layout_rooms, st_stairs_10, uniq_natasha
D:5:      layout_basic, grunt_temple_overflow_open, serial_shops, shop,
          hangedman_minor_gate_pass
D:6:      layout_basic, minmay_temple_entry_antechambers, nicolae_grassy_gnolls,
          uniq_maggie
D:7:      layout_gridville, ebering_ghost_inner_flame
D:8:      layout_loops_cross, uniq_maurice
D:9:      nicolae_cairo_tiling_large, layout_loops_ring, uniq_prince_ribbit1,
          uniq_harold
Temple:   nicolae_temple_no_exploring_needed

Skill      XL: |  1  2  3  4  5  6  7  8  9 10 |
---------------+-------------------------------+-----
Dodging        | 2 3 4 5 |  5.0
Stealth        | 2 |  2.3
Conjurations   | 5 6 7 8 9 |  9.8
Translocations | 1 2 3 4 |  4.4
Maces & Flails | 1 4 6 |  6.7
Fighting       | 2 3 4 |  4.1
Spellcasting   | 3 4 |  4.7
Shields        | 1 |  1.4
Throwing       | 1 |  1.0
Fire Magic     | |  0.2

Action                   |  1- 3 |  4- 6 |  7- 9 | 10-12 || total
-------------------------+-------+-------+-------+-------++-------
Melee: Unarmed           |    28 |    50 |       |       ||    78
       Punch             |     2 |     1 |       |       ||     3
       Tailslap          |     1 |    14 |    16 |     5 ||    36
       Mace              |       |    45 |   149 |    27 ||   221
       Short sword       |       |     9 |       |       ||     9
Throw: Dart              |       |       |     6 |     3 ||     9
 Cast: Magic Dart        |    43 |    14 |    15 |       ||    72
       Searing Ray       |    20 |    22 |    24 |     2 ||    68
       Iskenderun's Myst |       |    10 |    23 |     7 ||    40
       Conjure Flame     |       |       |     2 |       ||     2
Evoke: Wand              |       |       |       |     3 ||     3
  Use: Scroll            |     4 |     6 |     6 |     1 ||    17
       Potion            |       |     3 |     7 |     4 ||    14
 Stab: Sleeping          |       |     3 |       |       ||     3
Armor: Skin              |    41 |   102 |    77 |    42 ||   262
Dodge: Dodged            |    70 |   144 |   157 |    25 ||   396
Block: Buckler           |       |       |    15 |     7 ||    22
